 Dungeon Crawl Stone Soup version 0.26-a0-812-g31a745ddcd (webtiles) character file.

Game seed: 14592619590915446997

33 kae the Insei (level 3, -1/20 HPs)
             Began as a Tengu Transmuter on Nov 19, 2020.
             Slain by an adder (5 damage)
             ... on level 2 of the Dungeon.
             The game lasted 00:00:42 (1755 turns).

kae the Insei (Tengu Transmuter)                    Turns: 1755, Time: 00:00:42

Health: -1/20      AC:  2    Str: 11    XL:     3   Next: 29%
Magic:  6/7        EV: 12    Int: 13    God:
Gold:   41         SH:  0    Dex: 14    Spells: 2/6 levels left

rFire    . . .     SeeInvis .     - Unarmed
rCold    . . .     Faith    .   (no shield)
rNeg     . . .     Spirit   .   a - +0 robe
rPois    .         Reflect  .   (helmet currently unavailable)
rElec    .         Harm     .   (no cloak)
rCorr    .         Rampage  .   (no gloves)
MR       .....                  (boots unavailable)
Stlth    +.........             (no amulet)
HPRegen  0.06/turn              (no ring)
MPRegen  0.10/turn              (no ring)

@: lethally poisoned (-1 -> -4), appendages (expiring)
A: beak, horns 2, talons 3
a: End Transformation


You were on level 2 of the Dungeon.
You had grown temporary horns.
You visited 1 branch of the dungeon, and saw 2 of its levels.

You collected 41 gold pieces.

Inventory:

Armour
 a - a +0 robe (worn)
Scrolls
 c - a scroll of noise {unknown}
 d - a scroll of identify {unknown}
 e - 3 scrolls of blinking {unknown}
Potions
 b - 3 potions of flight {unknown}
 f - a potion of heal wounds {unknown}


   Skills:
 + Level 1.5 Fighting
 - Level 2.1 Dodging
 * Level 3.8 Unarmed Combat
 + Level 2.2 Spellcasting
 * Level 2.1 Transmutations


You had 2 spell levels left.
You knew the following spells:

 Your Spells              Type           Power        Failure   Level
a - Beastly Appendage     Tmut           #.....       11%         1
b - Spider Form           Tmut/Pois      #.........   43%         3

Your spell library contained the following spells:

 Spells                   Type           Power        Failure   Level
 Wereblood                Tmut           #.......     16%         2
 Animate Skeleton         Necr           #.....       26%         1
 Apportation              Tloc           #.....       26%         1
 Corona                   Hex            #......      26%         1
 Summon Small Mammal      Summ           #...         26%         1
 Ice Form                 Ice/Tmut       #.......     85%         4
 Blade Hands              Tmut           #.........   96%         5


Dungeon Overview and Level Annotations

Branches:
Dungeon (2/15)

Altars:
Makhleb


Innate Abilities, Weirdness & Mutations

You have a beak for a mouth.
You have claws for feet.
You have a pair of horns on your head.


Message History

You are too injured to fight recklessly!
You hit the adder.
The adder is moderately wounded.
The adder closely misses you. x2
You closely miss the adder. Your kick misses the adder.
The adder is moderately wounded.
You feel sick. The adder completely misses you.
You hit the adder but do no damage. Your kick misses the adder.
Your headbutt misses the adder. Your peck misses the adder.
The adder is moderately wounded.
Your transformation is almost over.
The adder barely misses you.
You barely miss the adder.
The adder is moderately wounded.
The adder bites you.
* * * LOW HITPOINT WARNING * * *
You barely miss the adder. You claw the adder!
The adder is almost dead.
The adder bites you.
You die...

......# ...... ..._. #...
####..# #≈##..##.# ####≈##r....#
#(.≈≈##S##### ######.≈≈###@#
#.......≈# #.# #####.......≈#
#.#
#....>.....≈≈###.###############
#.###......≈≈..........##......#
#.###.†...≈≈.##...####.##.####.#
#........≈≈≈.#.....##...#.####.#
#####.....≈..##...###........#.#
#......#..###<## #...#.##.#.#


You could see an adder and a rat.

Vanquished Creatures
  3 leopard geckos (D:1)
  A giant cockroach (D:1)
  A goblin (D:1)
  5 hobgoblins (D:1)
  4 jackals (D:2)
  2 kobolds (D:1)
  3 bats
  A frilled lizard (D:1)
  A leopard gecko skeleton (D:2)
  6 rats (D:1)
27 creatures vanquished.

Notes
Turn   | Place    | Note
-------+----------+-------------------------------------------
     0 | D:1      | kae the Tengu Transmuter began the quest for the Orb.
     0 | D:1      | Reached XP level 1. HP: 12/12 MP: 4/4
   383 | D:1      | Reached XP level 2. HP: 8/16 MP: 4/6
  1175 | D:1      | Reached XP level 3. HP: 14/20 MP: 5/7
  1187 | D:1      | Learned a level 3 spell: Spider Form
  1739 | D:2      | Found a burning altar of Makhleb.
  1755 | D:2      | Slain by an adder

Illustrated notes

Levels and vault maps discovered:
D:1:      shiori_arrival_maze, layout_basic, kennysheep_small_spiral
D:2:      layout_loops_corners, bloody_makhleb, lemuel_blue_sif_altar,
          vehumet_crystals, serial_rivers, chequers_serial_rivers_micro_b,
          chequers_serial_rivers_room_b, chequers_serial_rivers_small_a,
          chequers_serial_rivers_marsh, chequers_serial_rivers_micro_e,
          chequers_serial_rivers_marsh, minmay_domino_4

Skill      XL: |  1  2 |
---------------+-------+-----
Transmutations | 2 |  2.1
Fighting       | |  1.5
Dodging        | |  2.1
Unarmed Combat | |  3.8
Spellcasting   | |  2.2

Action                   || total
-------------------------++-------
Melee: Unarmed           ||    84
       Kick              ||    14
       Peck              ||    14
       Headbutt          ||     6
       Punch             ||     1
 Cast: Beastly Appendage ||    20
Armor: Robe              ||    14
Dodge: Dodged            ||    68

Table legend: (Time is in decaauts)
 A = Elapsed time spent in this place.
 B = Non-inter-level travel time spent in this place.
 C = Inter-level travel time spent in this place.
 D = Time resting spent in this place.
 E = Time spent auto-exploring this place.
 F = Levels seen in this place.
 G = Mean time per level.
                   A        B        C        D        E       F      G
               +--------+--------+--------+--------+--------+-----+--------+
         Total |   1752 |   1723 |     29 |      0 |   1512 |   2 |  876.0 |
       Dungeon |   1752 |   1723 |     29 |      0 |   1512 |   2 |  876.0 |
               +--------+--------+--------+--------+--------+-----+--------+

Top non-repeatable levels by time:
     D:1: 1378 daAuts
     D:2: 374 daAuts
